 Dungeon Sprint DCSS version 0.30.1-4-g462c640d31 (webtiles) character file.

Game seed: 13314421786922531915

4431 Heoruswealwe the Executioner (level 10, -2/104 HPs)
             Began as a Hill Orc Fighter on Aug 22, 2023.
             Was an Elder of the Shining One.
             Splashed by a jelly's acid (11 damage)
             ... in the Dungeon (Sprint I: "Red Sonja").
             The game lasted 00:08:28 (1135 turns).

Heoruswealwe the Executioner (Hill Orc Fighter)     Turns: 1135, Time: 00:08:28

Health: -2/104     AC: -8    Str: 24    XL:     10   Next: 36%
Magic:  10/10      EV: 10    Int:  8    God:    the Shining One [****..]
Gold:   813        SH:  4    Dex: 10    Spells: 9/9 levels left

rFire   . . .        a - +0 war axe
rCold   . . .        d - +0 buckler
rNeg    + + .        c - +0 scale mail
rPois   .            (no helmet)
rElec   .            h - +0 cloak
rCorr   .            (no gloves)
SInv    .            (no boots)
Will    .....        (no amulet) Stlth
                     (no ring)
HPRegen 0.37/turn    (no ring)
MPRegen 0.12/turn

%: no teleportation
@: corroded, glowing
A: no striking features
a: Renounce Religion, Divine Shield, Cleansing Flame


You were in the Dungeon.
You worshipped the Shining One.
The Shining One was greatly pleased with you.
You visited 1 branch You collected 813 gold pieces.

Inventory:

Hand Weapons
 a - a +0 war axe (weapon)
 b - a +0 longbow
Armour
 c - a +0 scale mail (worn)
 d - a +0 buckler (worn)
 h - a +0 cloak (worn)
Wands
 k - a wand of digging (3)
Scrolls
 g - a scroll of amnesia {unknown}
 i - a scroll of acquirement {unknown}
 j - a scroll of blinking
Potions
 f - a potion of ambrosia {unknown}


   Skills:
 + Level 14.7 Fighting
 * Level 21.4 Axes
 + Level 13.6 Armour
 - Level 3.2 Shields


You had 9 spell levels left.
You didn't know any spells.
Your spell library was empty.

Dungeon Overview and Level Annotations

Branches:
Dungeon (1/1)

Altars:
Cheibriados
Dithmenos
Elyvilon
Fedhas
Gozag
Hepliaklqana
Kikubaaqudgha
Makhleb
Nemelex Xobeh
Okawaru
Qazlal
Ru
Sif Muna
Trog
Uskayaw
Vehumet
Wu Jian
Xom
Yredelemnul
Zin
The Shining One
Jiyva
Lugonu

Shops:
D ![


Message History

You kill the jelly!
You hit the jelly.
Your hands burn!
The jelly is moderately wounded.
The jelly hits you but does no damage.
You hit the jelly. The acid corrodes you!
Your hands burn!
The jelly is heavily wounded.
The jelly hits you. The acid corrodes you!
You are splashed with acid!
You slash the jelly!
You kill the jelly!
You completely miss the jelly. The jelly barely misses you.
You hit the jelly but do no damage. The acid corrodes you!
Your hands burn!
The jelly hits you.
You are splashed with acid!
You completely miss the jelly. The jelly hits you.
You are splashed with acid.
You slash the jelly!
Your hands burn!
The jelly is heavily wounded.
You completely miss the jelly.
The jelly is heavily wounded.
The jelly hits you.
You are splashed with acid!
You hit the jelly but do no damage. The acid corrodes you!
Your hands burn!
The jelly is heavily wounded.
The jelly hits you.
You are splashed with acid!
* * * LOW HITPOINT WARNING * * *
You hit the jelly but do no damage.
Your hands burn!
* * * LOW HITPOINT WARNING * * *
The jelly is heavily wounded.
The jelly closely misses you.
You hit the jelly but do no damage.
Your hands burn!
* * * LOW HITPOINT WARNING * * *
The jelly is heavily wounded.
You hit the jelly but do no damage. The acid corrodes you!
Your hands burn!
* * * LOW HITPOINT WARNING * * *
The jelly is heavily wounded.
The jelly hits you.
* * * LOW HITPOINT WARNING * * *
You are splashed with acid!
* * * LOW HITPOINT WARNING * * *
You feel better. The jelly hits you.
* * * LOW HITPOINT WARNING * * *
You are splashed with acid!
You die...

_###+#(#..)[###.+.#
## ####'###.###.#
+.....'.∩##.#
###########.#
#.......##.#
#........+.#
#+++######§#
...§§§J#§# #@.#
####


You could see a jelly.

Vanquished Creatures
  2 centaur warriors (D)
  A deep troll (D)
  An oklob plant (D)
  2 unseen horrors (D)
  2 kobold demonologists (D)
  A hornet (D)
  Sigmund (D)
  A slime creature (D)
  A yak (D)
  2 redbacks (D)
  2 floating eyes (D)
  An ogre (D)
  3 jellies (D)
  Ijyb (D)
21 creatures vanquished.

Notes
Turn   | Place    | Note
-------+----------+-------------------------------------------
     0 | D        | Heoruswealwe the Hill Orc Fighter began the quest for the
                  | Orb.
     0 | D        | Reached XP level 1. HP: 19/19 MP: 1/1
     1 | D        | Noticed Ijyb
    14 | D        | Killed Ijyb
    15 | D        | Reached skill level 5 in Fighting
    15 | D        | Reached skill level 5 in Axes
    15 | D        | Reached XP level 2. HP: 28/29 MP: 2/2
    15 | D        | Reached XP level 3. HP: 35/36 MP: 3/3
    41 | D        | Noticed an ogre
    45 | D        | Killed an ogre
    46 | D        | Reached skill level 8 in Axes
    46 | D        | Reached skill level 5 in Armour
    46 | D        | Reached XP level 4. HP: 14/45 MP: 4/4
   172 | D        | Noticed Sigmund
   186 | D        | Killed Sigmund
   187 | D        | Reached skill level 11 in Axes
   187 | D        | Reached XP level 5. HP: 46/53 MP: 5/5
   187 | D        | Reached XP level 6. HP: 53/61 MP: 6/6
   213 | D        | Found an ornate altar of the Wu Jian Council.
   213 | D        | Found a shimmering blue altar of Sif Muna.
   215 | D        | Found a radiant altar of Vehumet.
   219 | D        | Reached skill level 12 in Axes
   244 | D        | Found Diumuocu's Distillery.
   244 | D        | Found an ancient bone altar of Kikubaaqudgha.
   244 | D        | Found a hazy altar of Hepliaklqana.
   244 | D        | Found a stormy altar of Qazlal.
   244 | D        | Found a hide-covered altar of Uskayaw.
   244 | D        | Found a blossoming altar of Fedhas.
   244 | D        | Found a bloodstained altar of Trog.
   244 | D        | Found an iron altar of Okawaru.
   244 | D        | Found a basalt altar of Yredelemnul.
   244 | D        | Found a glowing golden altar of the Shining One.
   244 | D        | Found a snail-covered altar of Cheibriados.
   244 | D        | Found a sacrificial altar of Ru.
   244 | D        | Found a glowing silver altar of Zin.
   244 | D        | Found a shadowy altar of Dithmenos.
   244 | D        | Found a white marble altar of Elyvilon.
   244 | D        | Noticed a yak
   247 | D        | Killed a yak
   248 | D        | Reached skill level 13 in Axes
   248 | D        | Reached XP level 7. HP: 70/70 MP: 7/7
   248 | D        | Found an opulent altar of Gozag.
   249 | D        | Found a sparkling altar of Nemelex Xobeh.
   255 | D        | Became a worshipper of the Shining One
   269 | D        | Found a burning altar of Makhleb.
   269 | D        | Found a viscous altar of Jiyva.
   269 | D        | Found a shimmering altar of Xom.
   269 | D        | Found a corrupted altar of Lugonu.
   269 | D        | Noticed a slime creature
   274 | D        | Killed a slime creature
   275 | D        | Reached skill level 10 in Fighting
   275 | D        | Reached skill level 14 in Axes
   337 | D        | Noticed a kobold demonologist
   337 | D        | Reached * piety under the Shining One
   338 | D        | Noticed a kobold demonologist
   342 | D        | Noticed a rust devil
   349 | D        | Killed a kobold demonologist
   349 | D        | Reached ** piety under the Shining One
   350 | D        | Reached skill level 15 in Axes
   350 | D        | Reached skill level 10 in Armour
   350 | D        | Reached XP level 8. HP: 78/82 MP: 8/8
   353 | D        | Killed a kobold demonologist
   354 | D        | Reached skill level 16 in Axes
   367 | D        | Noticed a centaur warrior
   370 | D        | Noticed a centaur warrior
   376 | D        | Killed a centaur warrior
   377 | D        | Reached skill level 17 in Axes
   377 | D        | Reached XP level 9. HP: 22/91 MP: 9/9
   380 | D        | Killed a centaur warrior
   381 | D        | Reached skill level 19 in Axes
   395 | D        | Noticed a deep troll
   395 | D        | Reached *** piety under the Shining One
   402 | D        | HP: 3/93 [deep troll (22)]
   404 | D        | The Shining One protects you from harm!
   407 | D        | Killed a deep troll
   433 | D        | Found Ethru Gul's Armour Emporium.
   680 | D        | Noticed a hornet
   682 | D        | Paralysed by a hornet for 1 turns
   686 | D        | Killed a hornet
   687 | D        | Reached skill level 20 in Axes
   731 | D        | Noticed an oklob plant
   743 | D        | Killed an oklob plant
   744 | D        | Reached XP level 10. HP: 100/103 MP: 10/10
   969 | D        | Noticed an unseen horror
   970 | D        | Noticed an unseen horror
   970 | D        | Reached **** piety under the Shining One
   978 | D        | Killed an unseen horror
   979 | D        | Killed an unseen horror
   980 | D        | Reached skill level 21 in Axes
  1134 | D        | HP: 4/104 [acid (10)]
  1135 | D        | Splashed by a jelly's acid

Illustrated notes

Levels and vault maps discovered:
D:        dungeon_sprint_1 [red_sonja_temple_1, red_sonja_temple_small_1]

Skill      XL: |  1  2  3  4  5  6  7  8  9 10 |
---------------+-------------------------------+-----
Fighting       | 5 6 8 9 11 12 14 | 14.7
Axes           | 5 8 11 13 15 17 20 21 | 21.4
Armour         | 4 5 7 8 10 11 13 | 13.6
Shields        | |  3.2

Action                     |  1- 3 |  4- 6 |  7- 9 | 10-12 || total
---------------------------+-------+-------+-------+-------++-------
  Melee: War axe           |    15 |    17 |    54 |    33 ||   119
  Evoke: Wand              |     1 |       |       |       ||     1
    Use: Potion            |     1 |       |     3 |     1 ||     5
 Armour: Scale mail        |     7 |     1 |    19 |     6 ||    33
  Dodge: Dodged            |     5 |     5 |    18 |     9 ||    37
  Block: Buckler           |     1 |     3 |     9 |     1 ||    14
